 Dungeon Crawl Stone Soup version 0.29.1-15-g9cfb28693d (webtiles) character file.

Game seed: 15202536766454008186

100 Alturiack the Stinger (level 4, 0/21 HPs)
             Began as a Spriggan Venom Mage on Apr 10, 2023.
             Killed by divine providence
             ... invoked by an orc priest
              (14 damage)
             ... on level 4 of the Dungeon.
             The game lasted 00:19:29 (3229 turns).

Alturiack the Stinger (Spriggan Venom Mage)         Turns: 3229, Time: 00:19:30

Health: 0/21       AC:  2    Str:  4    XL:     4   Next: 46%
Magic:  11/11      EV: 17    Int: 18    God:
Gold:   141        SH:  5    Dex: 15    Spells: 4/11 levels left

rFire   . . .      SeeInvis +   f - +1 dagger (venom)
rCold   . . .      Faith    .   (no shield)
rNeg    . . .      Spirit   .   a - +0 robe
rPois   +          Reflect  +   (helmet restricted)
rElec   .          Harm     .   (no cloak)
rCorr   .          Rampage  .   (gloves unavailable)
Will    .....                   (boots unavailable)
Stlth   ++........              g - amulet of reflection
HPRegen 0.07/turn               j - ring of poison resistance
MPRegen 0.12/turn               (no ring)

@: very quick
A: very small, no large weapons, unfitting armour, see invisible, speed 3
a: no special abilities


You were on level 4 of the Dungeon.
You visited 1 branch of the dungeon, and saw 4 of its levels.

You collected 141 gold pieces.

Inventory:

Hand Weapons
 f - a +1 dagger of venom (weapon)
Armour
 a - a +0 robe (worn)
Magical Staves
 s - a staff of fire
Jewellery
 g - an amulet of reflection (around neck)
 j - a ring of poison resistance (left hand)
 l - an amulet of reflection
Wands
 p - a wand of light (13)
 u - a wand of polymorph (3)
Scrolls
 c - 5 scrolls of identify {unknown}
 e - a scroll of blinking {unknown}
 i - a scroll of vulnerability {unknown}
 k - a scroll of noise {unknown}
 o - a scroll of teleportation {unknown}
 q - 2 scrolls of enchant armour {unknown}
 t - a scroll of poison {unknown}
Potions
 b - a potion of magic
 d - a potion of berserk rage {unknown}
 h - 2 potions of invisibility {unknown}
 m - a potion of heal wounds {unknown}
 n - a potion of haste {unknown}
 r - a potion of ambrosia {unknown}


   Skills:
 - Level 2.6 Dodging
 - Level 3.0 Stealth
 + Level 4.3 Spellcasting
 - Level 1.3 Transmutations
 * Level 4.4 Poison Magic


You had 4 spell levels left.
You knew the following spells:

 Your Spells              Type           Power      Damage    Failure   Level
a - Sting                 Tmut/Pois      56%        1d5       4%          1
b - Poisonous Vapours     Pois/Air       22%        N/A       9%          2
c - Olgreb's Toxic Radia  Pois           20%        N/A       22%         4

Your spell library contained the following spells:

 Spells                   Type           Power      Damage    Failure   Level
 Ignite Poison            Fire/Tmut/Pois 10%        N/A       19%         3
 Mephitic Cloud           Conj/Pois/Air  9%         N/A       24%         3
 Conjure Flame            Conj/Fire      3%         6-21      41%         3
 Sticky Flame             Conj/Fire      3%         2d3       82%         4
 Summon Forest            Summ/Tloc      1%         N/A       99%         5
 Eringya's Noxious Bog    Tmut/Pois      7%         N/A       100%        6
 Summon Hydra             Summ           1%         N/A       100%        7


Dungeon Overview and Level Annotations

Branches:
Dungeon (3/15)

Altars:


Innate Abilities, Weirdness & Mutations

You are very small and have problems with some larger weapons.
You are too small for most types of armour.
You have supernaturally acute eyesight. (SInv)
You cover ground extremely quickly. (Speed+++)


Message History

Confirm with . or Enter, or press ? or * to list all spells.
You can't see any susceptible monsters within range! (Use Z to cast anyway.)
The orc shouts!
You hear a shout! x5
Casting: Sting (safe; 4% risk of failure)
Confirm with . or Enter, or press ? or * to list all spells.
Aiming: Sting (safe; 4% risk of failure)
Press: ? - help, Shift-Dir - straight line, f - orc
Aim: an orc, wielding a +0 mace (71% to hit)
The sting hits the orc.
The orc is poisoned.
The orc is severely wounded.
You hear a shout!
You kill the orc!
Things that are here:
a +0 mace; an orc corpse You pick up an Everburning Encyclopedia and begin reading...
You add the spells Conjure Flame, Ignite Poison and Sticky Flame to your library.
Okay, then.
An orc wizard, an orc and 2 orc priests come into view.
The orc priest shouts!
An orc comes into view. It is wielding a +0 mace.
The orc priest invokes the aid of Beogh against you.
Beogh smites you!
An orc priest comes into view. It is wielding a +0 short sword.
An orc comes into view. It is wielding a +0 flail.
Casting: Sting (safe; 4% risk of failure)
Confirm with . or Enter, or press ? or * to list all spells.
The spell is astonishingly dangerous to miscast (22% risk of failure)!
Continue anyway? [Y]es or [N]o only, please.
The spell is astonishingly dangerous to miscast (22% risk of failure)!
Continue anyway? [Y]es or [N]o only, please.
The spell is astonishingly dangerous to miscast (22% risk of failure)!
Continue anyway? [Y]es or [N]o only, please.
The spell is astonishingly dangerous to miscast (22% risk of failure)!
Continue anyway? [Y]es or [N]o only, please.
The spell is astonishingly dangerous to miscast (22% risk of failure)!
Continue anyway?
Okay, then.
The orc priest mumbles some strange prayers to Beogh against you.
Beogh smites you!
Ouch! That really hurt!
You die...

#.##.#.##.#####.######
. # #.#.....[........
#.#..##..####.###
#.#..##.#.......
#...###...###### ###.#
#..## ..#.###..#
#.....>..#..o.o..#
#######.@#o~...~.#
#).#.......#
#..#.o.....#
#..#..o....#
#..#oo...~.#
#..#.......#
#..o........
#..o.....###
##########


You could see an orc priest and an orc wizard.

Vanquished Creatures
  An adder (D:3)
  3 gnolls (D:2)
  A dart slug (D:2)
  An orc (D:4)
  10 endoplasms
  4 giant cockroaches
  4 goblins
  5 hobgoblins
  2 jackals (D:1)
  3 kobolds
  2 quokkas (D:1)
  7 ball pythons
  2 bats (D:1)
  3 frilled lizards
  6 rats
54 creatures vanquished.

Notes
Turn   | Place    | Note
-------+----------+-------------------------------------------
     0 | D:1      | Alturiack the Spriggan Venom Mage began the quest for the
                  | Orb.
     0 | D:1      | Reached XP level 1. HP: 9/9 MP: 5/5
   310 | D:1      | Reached XP level 2. HP: 11/13 MP: 1/7
   314 | D:1      | Learned a level 2 spell: Poisonous Vapours
  1142 | D:1      | Reached XP level 3. HP: 16/16 MP: 2/9
  1818 | D:2      | Reached XP level 4. HP: 21/21 MP: 7/11
  1827 | D:2      | Learned a level 4 spell: Olgreb's Toxic Radiance
  2570 | D:2      | Found a faded altar of an unknown god.
  3139 | D:3      | You fall into a shaft and drop 1 floor!
  3229 | D:4      | Killed from afar by an orc priest

Illustrated notes

Levels and vault maps discovered:
D:1:      evilmike_arrival_hilbert_curve, layout_loops_corners
D:2:      layout_loops_ring, shapermc_ecumenical_altar_notcrosses
D:3:      layout_rooms, mainiacjoe_overflow_brackets
D:4:      cheibrodos_pilgrimage, layout_basic, pf_just_have_faith,
          minmay_temple_entry_statues, uniq_robin

Skill      XL: |  1  2  3 |
---------------+----------+-----
Spellcasting   | 3 4 |  4.3
Poison Magic   | 4 |  4.4
Dodging        | |  2.6
Stealth        | |  3.0
Transmutations | |  1.3

Action                   |  1- 3 |  4- 6 || total
-------------------------+-------+-------++-------
 Cast: Sting             |    58 |    14 ||    72
       Poisonous Vapours |       |    14 ||    14
Armor: Robe              |     1 |     2 ||     3
Dodge: Dodged            |     5 |     8 ||    13
Block: Other             |     3 |     2 ||     5
       Reflection        |     1 |       ||     1
